 Dungeon Crawl Stone Soup version 0.17.2-1-ge4368a0 (webtiles) character file.

7026 jacquesderrida the Martial Artist (level 11, -2/62 HPs)
             Began as a Vine Stalker Wanderer on Sept 29, 2016.
             Was an Elder of Cheibriados.
             Slain by Snorg (3 damage)
             ... on level 12 of the Dungeon.
             The game lasted 00:27:25 (4624 turns).

jacquesderrida the Martial Artist (VSWn)            Turns: 4624, Time: 00:27:25

Health: -2/62      AC: 10    Str: 23    XL:     11   Next: 8%
Magic:  0/15       EV: 18    Int: 24    God:    Cheibriados [****..]
Gold:   992        SH:  0    Dex: 27    Spells: 3 memorised, 4 levels left

rFire  + . .     SeeInvis .       - Unarmed
rCold  + . .     Clarity  .     m - +2 ring mail {rF+}
rNeg   . . .     SustAt   .     (no shield)
rPois  .         Gourm    .     d - +1 helmet
rElec  .         Spirit   +     k - +0 cloak
rCorr  .         Warding  .     (no gloves)
rMut   .         Stasis   .     (no boots)
MR     +....                    (no amulet)
Stlth  +++.......               C - ring of protection from cold
                                E - ring of wizardry

@: very slow, somewhat resistant to hostile enchantments, fairly stealthy
A: fangs 3, regeneration 2, magic shield, antimagic bite, no device heal 3, rot
immunity
a: Bend Time, Temporal Distortion, Slouch, Renounce Religion


You were on level 12 of the Dungeon.
You worshipped Cheibriados.
Cheibriados was greatly pleased with you.
You were not hungry.

You visited 1 branch of the dungeon, and saw 12 of its levels.
You also visited: Ossuary and Bailey.

You collected 992 gold pieces.

Inventory:

Hand Weapons
 b - a +1 blowgun
Missiles
 p - 44 poisoned needles
 x - 5 throwing nets (quivered)
Armour
 c - a +0 chain mail
 d - a +1 helmet (worn)
 e - a +0 robe
 f - a +0 ring mail
 k - a +0 cloak (worn)
 m - a +2 ring mail of fire resistance (worn)
 u - a +0 crystal plate armour
 B - a cursed +0 chain mail
 M - a troll hide
Jewellery
 C - a ring of protection from cold (right hand)
 E - a ring of wizardry (left hand)
Wands
 a - a wand of invisibility (4)
 n - a wand of lightning (3)
 v - a wand of magic darts (4)
 y - a wand of frost (11)
 D - a wand of draining (0)
 G - a wand of teleportation (5)
 L - a wand of disintegration (12)
Scrolls
 l - a scroll of noise
 z - 3 scrolls of amnesia {unknown}
 A - a scroll of immolation {unknown}
 H - a scroll of teleportation
 J - a scroll of torment {unknown}
 K - a scroll of vulnerability {unknown}
Potions
 h - 4 potions of heal wounds
 j - 5 potions of curing
 q - a potion of cure mutation
 r - 2 potions of magic
 t - a potion of lignification
 w - a potion of invisibility
 N - a potion of might
Books
 F - a book of Battle

   Spells                             Type                      Level
   a - Infusion                       Charms                       1
   b - Shroud of Golubria             Charms/Translocation         2
   c - Song of Slaying                Charms                       2
   d - Spectral Weapon                Hexes/Charms                 3
   e - Regeneration                   Charms/Necromancy            3
Comestibles
 g - 4 bread rations
 i - 3 meat rations
 o - 6 chunks of flesh
 s - 4 fruits
 I - a beef jerky


   Skills:
 + Level 9.1 Fighting
 + Level 6.6 Dodging
 - Level 3.6 Stealth
 + Level 11.2 Unarmed Combat
 + Level 5.0 Invocations


You had 4 spell levels left.
You knew the following spells:

 Your Spells              Type           Power        Failure   Level  Hunger
a - Infusion              Chrm           #.....       10%         1    ##.....
b - Shroud of Golubria    Chrm/Tloc      #.........   14%         2    ###....
r - Regeneration          Chrm/Necr      #.........   38%         3    ####...


Dungeon Overview and Level Annotations

Branches:
Dungeon (12/15)               Orc (0/4) D:11
 Temple: D:4-7         Lair: D:8-11

Altars:
Cheibriados
Gozag
Kikubaaqudgha
Ru
Sif Muna
Trog
Vehumet
Yredelemnul
The Shining One

Shops:
D:4 %

Annotations:
D:11 Gastronok, Grum
D:12 Snorg


Innate Abilities, Weirdness & Mutations

You have razor-sharp teeth.
You heal very quickly.
When hurt, damage is shared between your health and your magic reserves.
Your bite disrupts and absorbs the magic of your enemies.
Potions and wands cannot restore your health.
You are immune to rotting.


Message History

You throw a throwing net. The throwing net hits Snorg.
Snorg is caught in the net!
Snorg is heavily wounded.
Snorg struggles against the net.
The net rips apart, and Snorg comes free!
The centaur zombie hits you but does no damage.
Snorg closely misses you. Snorg claws you! Snorg completely misses you.
The centaur zombie hits you but does no damage.
An orc comes into view. It is wielding a hand axe of flaming.
The orc shouts!
You punch Snorg! You bite Snorg! You drain his power.
You feel invigorated.
Snorg is severely wounded.
Snorg bites you!!
* * * LOW HITPOINT WARNING * * *
Snorg closely misses you. Snorg barely misses you.
The centaur zombie barely misses you.
You fail to use your ability.
Snorg bites you!!
* * * LOW HITPOINT WARNING * * *
Snorg closely misses you. Snorg claws you.
You die...

# ## #.## ##.
###.# ...
##(..#
#.####..###
#......##
###..### ##.#
##.## #.@y###.
##Z#T..o.#
######.†.y...##
#.......###..#
#...####.## #.#
. #.# ..# #.#
... #.# .( #(#


You could see Snorg (berserk), 2 killer bees, an orc and a centaur zombie.

Vanquished Creatures
  A hill giant (D:10)
  Joseph (D:10)
  A gargoyle (D:12)
  2 trolls (D:11)
  A wyvern (D:9)
  The ghost of pedritolo the Vexing, an amateur SpEn (Ossuary)
  3 hippogriffs
  A hungry ghost (D:10)
  Duvessa (D:7)
  3 orc warriors
  An ice beast (D:7)
  A phantom (D:8)
  2 sky beasts
  A big kobold (D:9)
  2 elf zombies (Ossuary)
  7 giant frogs
  8 gnoll sergeants (Bailey)
  A wyvern skeleton (D:9)
  A killer bee (D:12)
  Dowan (D:7)
  3 scorpions
  10 wights
  4 crimson imps
  2 centaur zombies
  3 orc wizards
  6 gnoll shamans (Bailey)
  3 orc priests
  A wasp zombie (D:12)
  6 hounds
  Crazy Yiuf (D:2)
  Ijyb (D:2)
  2 human zombies (Ossuary)
  4 worker ants
  3 centaur skeletons
  2 big kobold zombies (Ossuary)
  2 hound zombies
  2 hound skeletons
  2 mummies (Ossuary)
  22 gnolls
  10 adders
  A shadow imp (D:9)
  3 oozes
  2 worms (D:5)
  An adder skeleton (D:6)
  3 adder zombies
  3 giant geckos
  23 orcs
  A ball python (D:3)
  3 bats
  2 giant cockroaches
  7 goblins
  5 hobgoblins
  12 jackals
  A quokka (D:7)
  3 giant newts
  2 gnoll zombies (Ossuary)
  5 goblin zombies (Ossuary)
  5 hobgoblin zombies (Ossuary)
  A jackal skeleton (D:7)
  2 jackal zombies (Ossuary)
  6 kobolds
  3 kobold zombies (Ossuary)
  3 quokka zombies
  A rat zombie (Ossuary)
227 creatures vanquished.

Notes
Turn   | Place    | Note
--------------------------------------------------------------
     0 | D:1      | jacquesderrida the Vine Stalker Wanderer began the quest for the Orb.
     0 | D:1      | jacquesderrida set off with: a potion of heal wounds, a scroll of blinking, a +0 short sword, a scroll of teleportation, a +0 robe, a +0 dagger, a bread ration
     0 | D:1      | Reached XP level 1. HP: 14/14 MP: 2/2
   122 | D:2      | Noticed Ijyb
   140 | D:2      | Killed Ijyb
   140 | D:2      | Reached XP level 2. HP: 10/18 MP: 1/3
   140 | D:2      | Reached XP level 3. HP: 12/23 MP: 1/4
   245 | D:2      | HP: 1/23 [hobgoblin/club (6)]
   323 | D:2      | Gained mutation: You can spit weak poison. [potion of beneficial mutation]
   325 | D:2      | Noticed Crazy Yiuf
   344 | D:2      | Killed Crazy Yiuf
   344 | D:2      | Reached XP level 4. HP: 27/27 MP: 5/5
   395 | D:2      | Found an opulent altar of Gozag.
   652 | D:3      | Found a faded altar to an unknown god.
   681 | D:3      | Reached XP level 5. HP: 5/30 MP: 2/6
   766 | D:3      | Reached skill level 5 in Unarmed Combat
  1088 | D:4      | Found Ceve's Food Boutique.
  1114 | D:4      | Gained mutation: You heal very quickly. [Vine Stalker growth]
  1114 | D:4      | Reached XP level 6. HP: 23/35 MP: 7/7
  1127 | D:4      | Found a sand-covered staircase.
  1144 | Ossuary  | Entered an ossuary
  1158 | Ossuary  | Reached skill level 6 in Unarmed Combat
  1168 | Ossuary  | Noticed pedritolo's ghost (amateur SpEn)
  1174 | Ossuary  | Lost mutation: You can spit weak poison. [potion of cure mutation]
  1178 | Ossuary  | Killed pedritolo's ghost
  1186 | Ossuary  | Reached skill level 7 in Unarmed Combat
  1200 | Ossuary  | Reached XP level 7. HP: 16/39 MP: 8/8
  1347 | Ossuary  | Reached skill level 8 in Unarmed Combat
  1525 | D:5      | Entered Level 5 of the Dungeon
  1568 | D:5      | Reached skill level 1 in Dodging
  1670 | D:5      | Gained mutation: You have razor-sharp teeth. [Vine Stalker growth]
  1670 | D:5      | Reached XP level 8. HP: 19/44 MP: 3/9
  1722 | D:5      | Got a fine long sword
  1723 | D:5      | Identified the +5 long sword of Havoc {holy, *Corrode rF- Str+2 Dex+9} (You found it on level 5 of the Dungeon)
  1824 | D:4      | Found a snail-covered altar of Cheibriados.
  1825 | D:4      | Found a bloodstained altar of Trog.
  1829 | D:4      | Became a worshipper of Cheibriados the Contemplative
  2123 | D:6      | Found a radiant altar of Vehumet.
  2184 | D:7      | Found a deep blue altar of Sif Muna.
  2330 | D:7      | Reached * piety under Cheibriados
  2382 | D:7      | Noticed Duvessa
  2383 | D:7      | Noticed Dowan
  2394 | D:7      | Killed Dowan
  2405 | D:7      | Killed Duvessa
  2407 | D:7      | Reached skill level 9 in Unarmed Combat
  2437 | D:7      | Reached XP level 9. HP: 32/49 MP: 10/10
  2586 | D:8      | Found an ancient bone altar of Kikubaaqudgha.
  2710 | D:8      | Reached ** piety under Cheibriados
  2718 | D:8      | Found a flagged portal.
  2726 | Bailey   | Entered a bailey
  3181 | Bailey   | Reached *** piety under Cheibriados
  3194 | Bailey   | Reached skill level 10 in Unarmed Combat
  3199 | Bailey   | Reached skill level 5 in Dodging
  3339 | D:8      | Reached skill level 1 in Invocations
  3432 | D:9      | Noticed a centaur zombie
  3442 | D:9      | Found a basalt altar of Yredelemnul.
  3477 | D:9      | Killed a centaur zombie
  3477 | D:9      | Reached XP level 10. HP: 29/56 MP: 12/12
  3625 | D:9      | Found a sacrificial altar of Ru.
  3800 | D:9      | Found a glowing golden altar of the Shining One.
  3844 | D:10     | Entered Level 10 of the Dungeon
  3956 | D:10     | Reached **** piety under Cheibriados
  3980 | D:10     | Noticed a hill giant
  4022 | D:10     | Killed a hill giant
  4139 | D:10     | Noticed Joseph
  4155 | D:10     | Killed Joseph
  4186 | D:10     | Learned a level 3 spell: Regeneration
  4189 | D:10     | Learned a level 2 spell: Shroud of Golubria
  4191 | D:10     | Learned a level 1 spell: Infusion
  4357 | D:11     | Found a staircase to the Orcish Mines.
  4443 | D:11     | Reached ***** piety under Cheibriados
  4498 | D:11     | Reached skill level 11 in Unarmed Combat
  4517 | D:11     | Noticed Gastronok
  4529 | D:11     | Noticed Grum
  4534 | D:12     | Reached XP level 11. HP: 54/62 MP: 15/15
  4603 | D:12     | Reached skill level 5 in Invocations
  4610 | D:12     | Noticed Snorg
  4624 | D:12     | HP: 1/62 [Snorg (17)]
  4624 | D:12     | Slain by Snorg

Action                   |  1- 3 |  4- 6 |  7- 9 | 10-12 || total
-------------------------+-------+-------+-------+-------++-------
Melee: Short sword       |    44 |       |       |       ||    44
       Quarterstaff      |       |   110 |   143 |       ||   253
       Unarmed           |       |     1 |   250 |   126 ||   377
 Fire: Blowgun           |       |     2 |    36 |    24 ||    62
Throw: Throwing net      |       |       |     4 |    10 ||    14
Invok: Slouch            |       |       |       |     1 ||     1
 Abil: Spit Poison       |     3 |       |       |       ||     3
Evoke: Wand              |       |       |    19 |       ||    19
  Use: Potion            |     1 |     1 |     1 |     1 ||     4
       Scroll            |       |       |    17 |     1 ||    18
 Stab: Sleeping          |     1 |     1 |    10 |     3 ||    15
       Paralysed         |       |     3 |     4 |       ||     7
       Confused          |       |       |     1 |       ||     1
       Petrifying        |       |       |     1 |       ||     1
       Held in net/web   |       |       |     2 |     6 ||     8
       Distracted        |       |       |     1 |     1 ||     2
  Eat: Chunk             |       |     1 |     5 |     1 ||     7
       Pizza             |       |       |     1 |     1 ||     2
       Beef jerky        |       |       |       |     1 ||     1
